 Dungeon Crawl Stone Soup version 0.20.1-1-g8b1a95d (webtiles) character file.

9960 Inarius the Scholar of Death (level 11, -4/83 HPs)
             Began as a Demonspawn Necromancer on July 16, 2017.
             Was a Follower of Kikubaaqudgha.
             Slain by an orc
             ... wielding a +0 war axe
              (6 damage)
             ... on level 11 of the Dungeon.
             The game lasted 00:46:52 (14752 turns).

Inarius the Scholar of Death (DsNe)                Turns: 14752, Time: 00:46:54

Health: -4/83      AC: 10    Str: 13    XL:     11   Next: 29%
Magic:  0/23       EV:  9    Int: 21    God:    Kikubaaqudgha [*.....]
Gold:   431        SH:  0    Dex: 14    Spells: 11/27 levels left

rFire    . . .     SeeInvis .   C - +7 flail of Emmyxi {crush, +Rage MR+ Str+4}
rCold    . . .     Gourm    .   (no shield)
rNeg     + . .     Faith    .   D - +0 chain mail
rPois    .         Spirit   +   (helmet unavailable)
rElec    .         Reflect  .   (no cloak)
rCorr    .         Harm     .   h - +0 pair of gloves
MR       +....                  (no boots)
Stlth    +.........             L - amulet of regeneration
Regen    0.7/turn               a - ring of positive energy
MPRegen  0.2/turn               (no ring)

@: lethally poisoned (-4 -> -7), flying, slowed, drained, very slow
A: horns 3, talons 1, clever 1, nightstalker 2, magic shield, sturdy frame 2
a: Receive Corpses, Renounce Religion, Evoke Berserk Rage


You were on level 11 of the Dungeon.
You worshipped Kikubaaqudgha.
Kikubaaqudgha was aware of your devotion.
You were not hungry.

You visited 2 branches of the dungeon, and saw 12 of its levels.

You collected 607 gold pieces.
You spent 176 gold pieces at shops.

Inventory:

Hand Weapons
 u - a +0 dagger of electrocution
 C - the +7 flail of Emmyxi (weapon) {crush, +Rage MR+ Str+4}
   (You found it on level 4 of the Dungeon)

   It inflicts extra damage upon your enemies.
   It affects your strength (+4).
   It affects your resistance to hostile enchantments.
   It lets you go berserk.
Armour
 e - a +0 ring mail of fire resistance
 h - a +0 pair of gloves (worn)
 t - the +4 robe of Augmentation {Str+4 Int+4 Dex+4}
   (You found it on level 6 of the Dungeon)

   It affects your strength (+4).
   It affects your intelligence (+4).
   It affects your dexterity (+4).
 D - a +0 chain mail (worn)
Jewellery
 a - a ring of positive energy (left hand)
 c - an uncursed ring of ice
 s - a +4 amulet of reflection
 L - an amulet of regeneration (around neck)
Wands
 l - a wand of paralysis (9/24)
 B - a wand of lightning (9/15)
 I - a wand of acid (7/15)
 N - a wand of flame (16/48)
Scrolls
 k - 4 scrolls of amnesia
 m - 2 scrolls of fear
 n - 2 scrolls of enchant armour {unknown}
 o - 3 scrolls of enchant weapon
 v - 2 scrolls of immolation
 y - a scroll of magic mapping
 z - 4 scrolls of teleportation
 F - a scroll of recharging
 H - 2 scrolls of remove curse
 K - a scroll of blinking
 O - a scroll of summoning
 Q - a scroll of identify
Potions
 d - 2 potions of brilliance
 i - 2 potions of mutation
 j - a potion of resistance
 p - 4 potions of flight
 q - 2 potions of cancellation {unknown}
 r - a potion of agility {unknown}
 E - 2 potions of berserk rage {unknown}
 G - 2 potions of haste {unknown}
Books
 b - a book of Necromancy

   Spells                             Type                      Level
   a - Pain                           Necromancy                   1
   b - Animate Skeleton               Necromancy                   1
   c - Vampiric Draining              Necromancy                   3
   d - Regeneration                   Charms/Necromancy            3
   e - Animate Dead                   Necromancy                   4
   f - Control Undead                 Necromancy                   4
 x - Kikubaaqudgha's Handbook of Stolen Souls
   (Kikubaaqudgha gifted it to you on level 10 of the Dungeon)

   Spells                             Type                      Level
   a - Pain                           Necromancy                   1
   b - Corpse Rot                     Necromancy                   2
   c - Sublimation of Blood           Necromancy                   2
   d - Regeneration                   Charms/Necromancy            3
   e - Control Undead                 Necromancy                   4
 P - the Reference Book on the Glacier
   (You found it on level 11 of the Dungeon)

   Spells                             Type                      Level
   a - Freeze                         Ice                          1
   b - Simulacrum                     Ice/Necromancy               6
Comestibles
 f - 3 meat rations
 g - 6 royal jellies
 A - 4 bread rations
 J - 23 fruits
 M - a chunk of flesh


   Skills:
 * Level 6.7(6.6) Fighting
   Level 1.0(0.8) Long Blades
 + Level 3.4(3.3) Maces & Flails
 + Level 4.6(4.5) Armour
 - Level 2.9(2.8) Dodging
 - Level 2.9(2.7) Stealth
 + Level 8.5(8.4) Spellcasting
 * Level 1.5(1.3) Charms
 * Level 12.6(12.4) Necromancy
 * Level 1.5(1.3) Evocations


You had 11 spell levels left.
You knew the following spells:

 Your Spells              Type           Power        Failure   Level  Hunger
a - Pain                  Necr           ####         1%          1    None
b - Animate Skeleton      Necr           N/A          1%          1    None
c - Vampiric Draining     Necr           ######....   1%          3    None
d - Regeneration          Chrm/Necr      #####.....   8%          3    None
e - Animate Dead          Necr           N/A          2%          4    ###....
f - Control Undead        Necr           ######....   2%          4    ###....


Dungeon Overview and Level Annotations

Branches:
Dungeon (11/15)            Temple (1/1) D:4            Lair (0/6) D:9
    Orc: D:9-12

Altars:
Ashenzari
Cheibriados
Dithmenos
Elyvilon
Fedhas
Gozag
Hepliaklqana
Kikubaaqudgha
Makhleb
Nemelex Xobeh
Okawaru
Qazlal
Ru
Sif Muna
Trog
Uskayaw
Vehumet
Xom
Yredelemnul
Zin
The Shining One

Shops:
D:4 (   D:7 ([

Annotations:
D:7 2 transporters
D:11 1 transporter


Innate Abilities, Weirdness & Mutations

You have a pair of large horns on your head.
You are significantly more attuned to the shadows.
When hurt, damage is shared between your health and your magic reserves.
Your movements are less encumbered by armour. (ER -4)
You have sharp toenails.
Your mind is acute. (Int +2)


Message History

An orc comes into view.
The orc shouts!
A hornet comes into view.
The hornet buzzes angrily. 2 orcs come into view.
A wight comes into view. It is wielding a scimitar.
It was a potion of flight.
You feel very buoyant.
You fly up into the air.
The hornet stings you but does no damage.
You feel better. The hornet stings you!
* * * LOW HITPOINT WARNING * * *
You feel yourself slow down.
You feel yourself speed up. The hornet stings you!
* * * LOW HITPOINT WARNING * * *
You are lethally poisoned!
You feel yourself slow down. The orc hits you with a war axe.
You die...
Kikubaaqudgha rasps: "You have failed me!
Welcome... death!"

#........#
#.#
#.._.....#
#.#
#........#
#.#
#........###
#####.#
#...........
......#
#..........(
......#
#.........
......#
......z.#
#####.#
#....y@.#
#.#
#.....o.#
#.####
#.....o.#
#.....
#.....oo#
#.....
#.......#
#.####
#.####o.#
#.# #. ..#
#.# .o# #.


You could see a hornet, a wight and 5 orcs.

Vanquished Creatures
  The ghost of MrModeste the Basher, a journeyman MiFi of Trog (D:11)
  Fannar (D:10)
  4 two-headed ogres
  A lindwurm (shapeshifter) (D:11)
  A centaur zombie (D:10)
  2 trolls
  2 hippogriffs (D:10)
  A wyvern (D:11)
  A steam dragon (D:8)
  2 hungry ghosts
  Menkaure (D:7)
  2 water moccasins
  An orc warrior (D:9)
  2 eyes of draining (D:4)
  2 black bears
  3 ice beasts
  2 sky beasts
  5 ogres
  4 centaurs
  A crocodile (D:10)
  3 bullfrogs
  7 killer bees
  A water moccasin skeleton (D:5)
  9 wights
  2 crimson imps
  2 orc priests (D:7)
  2 bullfrog skeletons (D:7)
  4 hounds
  2 jellies
  2 iguanas
  10 worker ants
  Ijyb (D:4)
  4 orc wizards
  A hound skeleton (D:6)
  Robin (D:1)
  A gnoll (D:4)
  12 adders
  A shadow imp (D:6)
  3 oozes
  An adder skeleton (D:9)
  3 worms
  A dart slug (D:3)
  4 leopard geckos
  11 orcs
  12 bats
  4 giant cockroaches
  11 goblins
  5 hobgoblins (D:1)
  25 jackals
  5 kobolds
  6 quokkas
  A ball python (D:5)
  5 frilled lizards
  A jackal skeleton (D:6)
  A quokka skeleton (D:8)
  7 rats
210 creatures vanquished.

Vanquished Creatures (collateral kills)
  A troll (D:10)
  A centaur (D:11)
  A big kobold (D:9)
  A bullfrog (D:6)
  8 wights
  2 bullfrog skeletons
  A worker ant (D:10)
  An adder (D:9)
  A dart slug (D:1)
  An orc (D:8)
  A giant cockroach (D:1)
  A goblin (D:2)
  2 jackals (D:4)
  A frilled lizard (D:3)
  A kobold (D:2)
  A rat (D:1)
25 creatures vanquished.

Vanquished Creatures (others)
  7 plants (D:7)
7 creatures vanquished.

Grand Total: 242 creatures vanquished

Notes
Turn   | Place    | Note
-------+----------+-------------------------------------------
     0 | D:1      | Inarius the Demonspawn Necromancer began the quest for the Orb.
     0 | D:1      | Reached XP level 1. HP: 13/13 MP: 3/3
    63 | D:1      | Learned a level 1 spell: Animate Skeleton
   211 | D:1      | Gained mutation: Your movements are slightly less encumbered by armour. (ER -2) [demonic ancestry]
   211 | D:1      | Reached XP level 2. HP: 14/20 MP: 0/5
   287 | D:1      | Reached skill level 1 in Fighting
  1296 | D:2      | Reached XP level 3. HP: 23/26 MP: 1/6
  1517 | D:2      | Found a sacrificial altar of Ru.
  1526 | D:2      | Found a basalt altar of Yredelemnul.
  1587 | D:2      | Reached skill level 1 in Armour
  1634 | D:2      | Learned a level 3 spell: Vampiric Draining
  1976 | D:2      | Reached skill level 5 in Necromancy
  2104 | D:2      | Gained mutation: You have a pair of small horns on your head. [demonic ancestry]
  2104 | D:2      | Reached XP level 4. HP: 31/32 MP: 6/8
  2494 | D:2      | Found a blossoming altar of Fedhas.
  2559 | D:2      | Noticed Robin
  3003 | D:1      | Killed Robin
  3201 | D:2      | Learned a level 3 spell: Regeneration
  3735 | D:3      | Reached XP level 5. HP: 36/38 MP: 3/9
  4330 | D:4      | Found a staircase to the Ecumenical Temple.
  4340 | Temple   | Entered the Ecumenical Temple
  4551 | D:4      | Found Woingem's Antique Weapon Shop.
  4567 | D:4      | Bought a sapphire falchion for 176 gold pieces
  4601 | D:4      | Noticed Ijyb
  4610 | D:4      | Killed Ijyb
  4724 | D:4      | Got a pitted flail
  5018 | D:4      | Gained mutation: Your movements are less encumbered by armour. (ER -4) [demonic ancestry]
  5018 | D:4      | Reached XP level 6. HP: 44/46 MP: 7/11
  5565 | D:4      | Learned a level 4 spell: Animate Dead
  5627 | D:4      | Found a bloodstained altar of Trog.
  5891 | D:4      | Reached skill level 6 in Necromancy
  5926 | D:4      | Gained mutation: You are slightly more attuned to the shadows. [demonic ancestry]
  5926 | D:4      | Reached XP level 7. HP: 52/52 MP: 0/13
  5975 | D:4      | Found a hide-covered altar of Uskayaw.
  6364 | D:5      | Entered Level 5 of the Dungeon
  6536 | D:5      | Identified the cursed +0 falchion of the Warrior {freeze, rN+} (You bought it in a shop on level 4 of the Dungeon)
  6842 | D:5      | Reached skill level 5 in Spellcasting
  7518 | D:5      | Reached skill level 1 in Long Blades
  7887 | D:6      | Identified the +7 flail of Emmyxi {crush, +Rage MR+ Str+4} (You found it on level 4 of the Dungeon)
  7903 | D:6      | Reached skill level 7 in Necromancy
  8011 | D:6      | Gained mutation: When hurt, damage is shared between your health and your magic reserves. [demonic ancestry]
  8011 | D:6      | Reached XP level 8. HP: 58/58 MP: 14/16
  8437 | D:7      | Noticed a troll
  8494 | D:7      | Found Daijit's Antique Armour Shop.
  8740 | D:7      | Reached skill level 8 in Necromancy
  8978 | D:7      | Found a transporter.
  8985 | D:7      | Noticed a kobold demonologist
  8996 | D:7      | Noticed a kobold demonologist
  9004 | D:7      | Found a transporter.
  9318 | D:7      | Reached skill level 9 in Necromancy
  9415 | D:7      | Reached XP level 9. HP: 49/66 MP: 11/18
  9574 | D:7      | Found Fimeliti's Weapon Emporium.
  9686 | D:7      | Noticed Menkaure
  9692 | D:7      | Killed Menkaure
 10731 | D:8      | Noticed a two-headed ogre
 10732 | D:8      | Reached skill level 5 in Fighting
 10732 | D:8      | Reached skill level 1 in Maces & Flails
 10978 | D:8      | Noticed a two-headed ogre
 10989 | D:8      | Killed a two-headed ogre
 10989 | D:8      | Reached skill level 10 in Necromancy
 11154 | D:9      | Found an ancient bone altar of Kikubaaqudgha.
 11155 | D:9      | Found a shattered altar of Ashenzari.
 11159 | D:9      | Became a worshipper of Kikubaaqudgha
 11210 | D:9      | Noticed a troll
 11220 | D:9      | Killed a troll
 11263 | D:9      | Noticed a two-headed ogre
 11433 | D:9      | Killed a two-headed ogre
 11433 | D:9      | Gained mutation: You have a pair of horns on your head. [demonic ancestry]
 11433 | D:9      | Reached XP level 10. HP: 51/75 MP: 0/20
 11555 | D:9      | Found a stormy altar of Qazlal.
 11569 | D:9      | Found a staircase to the Lair.
 11748 | D:9      | Found a shadowy altar of Dithmenos.
 12026 | D:8      | Killed a two-headed ogre
 12026 | D:8      | Reached skill level 11 in Necromancy
 12080 | D:10     | Entered Level 10 of the Dungeon
 12610 | D:10     | Reached * piety under Kikubaaqudgha
 12610 | D:10     | Identified Kikubaaqudgha's Handbook of Stolen Souls (Kikubaaqudgha gifted it to you on level 10 of the Dungeon)
 12610 | D:10     | Received a gift from Kikubaaqudgha
 12621 | D:10     | Learned a level 4 spell: Control Undead
 12628 | D:10     | Noticed a two-headed ogre
 12637 | D:10     | Killed a two-headed ogre
 12982 | D:10     | Reached skill level 12 in Necromancy
 13628 | D:10     | Gained mutation: You are significantly more attuned to the shadows. [demonic ancestry]
 13628 | D:10     | Reached XP level 11. HP: 65/83 MP: 11/23
 13696 | D:10     | Gained mutation: Your muscles are strong. (Str +2) [mutagenic meat]
 13923 | D:11     | Found a transporter.
 13970 | D:11     | Noticed Fannar
 14061 | D:10     | Reached skill level 1 in Charms
 14117 | D:10     | Killed Fannar
 14117 | D:10     | Reached skill level 1 in Evocations
 14195 | D:11     | Noticed MrModeste's ghost (journeyman MiFi)
 14248 | D:11     | Found a deep blue altar of Sif Muna.
 14274 | D:11     | Found a shattered altar of Ashenzari.
 14320 | D:11     | Killed MrModeste's ghost
 14504 | D:11     | Identified the Reference Book on the Glacier
 14523 | D:11     | Noticed a lindwurm
 14523 | D:11     | a wind drake changed into a lindwurm
 14530 | D:11     | Killed a lindwurm
 14638 | D:11     | Gained mutation: Your spells are a little easier to cast, but a little less powerful. [mutagenic meat]
 14639 | D:11     | Gained mutation: You have a pair of large horns on your head. [mutagenic meat]
 14645 | D:11     | Lost mutation: Your muscles are strong. (Str +2) [potion of mutation]
 14645 | D:11     | Lost mutation: Your spells are a little easier to cast, but a little less powerful. [potion of mutation]
 14645 | D:11     | Lost mutation: You have a pair of large horns on your head. [potion of mutation]
 14645 | D:11     | Gained mutation: You have a pair of large horns on your head. [potion of mutation]
 14645 | D:11     | Gained mutation: Your mind is acute. (Int +2) [potion of mutation]
 14645 | D:11     | Gained mutation: You have sharp toenails. [potion of mutation]
 14734 | D:11     | Noticed a five-headed hydra
 14747 | D:11     | HP: 2/83 [five-headed hydra (8)]
 14752 | D:11     | HP: 2/83 [hornet (10)]
 14752 | D:11     | Slain by an orc

Skill      XL: |  1  2  3  4  5  6  7  8  9 10 11 |
---------------+----------------------------------+-----
Fighting       | 1 2 3 4 5 6 |  6.7
Armour         | 1 2 3 4 |  4.6
Necromancy     | 5 6 7 9 10 12 | 12.6
Spellcasting   | 3 4 5 6 7 8 |  8.5
Stealth        | 2 |  2.9
Long Blades    | 1 |  1.0
Dodging        | 2 |  2.9
Maces & Flails | 2 3 |  3.4
Charms         | 1 |  1.5
Evocations     | 1 |  1.5

Action                   |  1- 3 |  4- 6 |  7- 9 | 10-12 || total
-------------------------+-------+-------+-------+-------++-------
Melee: Unarmed           |    10 |       |       |       ||    10
       Mace              |    31 |    95 |     2 |       ||   128
       Headbutt          |       |    18 |    29 |    24 ||    71
       Falchion          |       |       |   104 |       ||   104
       Flail             |       |       |   134 |   144 ||   278
       Kick              |       |       |       |     1 ||     1
 Cast: Pain              |    66 |   123 |   130 |    58 ||   377
       Animate Skeleton  |    10 |    25 |    22 |    16 ||    73
       Vampiric Draining |     2 |     7 |    17 |    33 ||    59
       Animate Dead      |       |     1 |     3 |     1 ||     5
       Regeneration      |       |       |     2 |     1 ||     3
       Control Undead    |       |       |       |     7 ||     7
  Use: Scroll            |     5 |     1 |    10 |     8 ||    24
       Potion            |       |       |     1 |     5 ||     6
 Stab: Sleeping          |     2 |       |     2 |       ||     4
       Distracted        |       |       |     3 |     1 ||     4
  Eat: Chunk             |     1 |    12 |     8 |    16 ||    37
       Bread ration      |     1 |       |     3 |       ||     4
       Fruit             |       |       |     1 |     1 ||     2
       Meat ration       |       |       |     1 |       ||     1
Armor: Robe              |     3 |       |    11 |       ||    14
       Ring mail         |    25 |    23 |    42 |       ||    90
       Chain mail        |       |       |    66 |   130 ||   196
Dodge: Dodged            |    48 |    58 |   153 |   114 ||   373
Block: Other             |       |       |    16 |       ||    16
       Rpst.: Falchion   |       |       |    22 |       ||    22
